 Dungeon Crawl Stone Soup version 0.26-a0-660-gc07710193c (webtiles) character file.

Game seed: 8361189798562724609

49976 jasper the Thaumaturge (level 14, -20/69 HPs)
             Began as a Spriggan Venom Mage on Oct 6, 2020.
             Was a High Priest of Vehumet.
             Demolished by a boulder beetle (48 damage)
             ... on level 6 of the Lair of Beasts.
             The game lasted 01:14:40 (30229 turns).

jasper the Thaumaturge (Spriggan Venom Mage)       Turns: 30229, Time: 01:14:41

Health: -20/69     AC:  8    Str:  7    XL:     14   Next: 18%
Magic:  14/32      EV: 25    Int: 20    God:    Vehumet [*****.]
Gold:   2108       SH:  7    Dex: 14    Spells: 2/39 levels left

rFire    . . .     SeeInvis +   f - +0 hunting sling
rCold    . . .     Faith    .   H - +0 buckler
rNeg     . . .     Spirit   .   L - +2 robe {Archmagi}
rPois    +         Reflect  .   (helmet restricted)
rElec    +         Harm     .   G - +3 cloak of Uri Ypips {rElec Str+3 Dex-4}
rCorr    .         Rampage  .   (gloves unavailable)
MR       +++..                  (boots unavailable)
Stlth    +++++.....             (no amulet)
HPRegen  0.21/turn              E - ring of poison resistance
MPRegen  0.23/turn              U - ring of protection from magic

@: very quick
A: very small, unfitting armour, see invisible, speed 3
a: Renounce Religion


You were on level 6 of the Lair of Beasts.
You worshipped Vehumet.
Vehumet was extremely pleased with you.
You visited 3 branches of the dungeon, and saw 20 of its levels.

You collected 3211 gold pieces.
You spent 1103 gold pieces at shops.

Inventory:

Hand Weapons
 f - a +0 hunting sling (weapon)
 I - a +0 dagger
Missiles
 e - 528 stones
 j - 131 sling bullets (quivered)
 p - 4 boomerangs of dispersal
Armour
 a - a +0 robe
 o - a +1 robe of resistance
 B - +0 steam dragon scales
 G - the +3 cloak of Uri Ypips (worn) {rElec Str+3 Dex-4}
   (You found it on level 8 of the Dungeon)

   It affects your strength (+3).
   It affects your dexterity (-4).
   It insulates you from electricity.
 H - a +0 buckler (worn)
 L - a +2 robe of the Archmagi (worn)
Magical Staves
 i - an uncursed staff of fire
 l - an uncursed staff of earth
Jewellery
 q - an uncursed ring of positive energy
 A - an uncursed ring of protection from cold
 C - a +6 ring of strength
 E - a ring of poison resistance (left hand)
 U - a ring of protection from magic (right hand)
 V - an uncursed ring of positive energy
 X - an uncursed ring of protection from fire
Wands
 r - a wand of enslavement (6)
 z - a wand of digging (17)
 F - a wand of paralysis (4)
 M - a wand of flame (17)
 N - a wand of acid (2)
Scrolls
 d - 8 scrolls of teleportation
 g - a scroll of fog
 h - 2 scrolls of random uselessness
 k - 5 scrolls of magic mapping
 n - 5 scrolls of immolation
 s - 8 scrolls of remove curse
 y - 2 scrolls of enchant armour
 D - a scroll of fear
 O - a scroll of enchant weapon
 P - 2 scrolls of identify
 R - 5 scrolls of vulnerability
 T - a scroll of amnesia
Potions
 b - 2 potions of ambrosia
 c - 4 potions of lignification
 m - 3 potions of magic
 t - a potion of flight
 u - 3 potions of brilliance
 v - 3 potions of haste
 w - 4 potions of might
 x - 6 potions of curing
 J - 2 potions of cancellation
 K - 3 potions of resistance
 Q - a potion of mutation
 S - a potion of stabbing {unknown}
 W - a potion of heal wounds {unknown}


   Skills:
 - Level 5.8 Fighting
 - Level 10.6 Dodging
 - Level 12.4 Stealth
 - Level 7.2 Shields
 - Level 13.1 Spellcasting
 + Level 5.9 Conjurations
 - Level 3.0 Translocations
 - Level 5.0 Transmutations
 - Level 3.0 Fire Magic
 - Level 3.0 Air Magic
 - Level 10.9 Earth Magic
 - Level 5.0 Poison Magic


You had 2 spell levels left.
You knew the following spells:

 Your Spells              Type           Power        Failure   Level
a - Shatter               Erth           ######....   100%        9
b - Poisonous Vapours     Pois/Air       #####.       1%          2
c - Ignite Poison         Fire/Tmut/Pois #####...     1%          3
d - Mephitic Cloud        Conj/Pois/Air  #####...     1%          3
e - Sandblast             Erth           ######       1%          1
f - Swiftness             Air            #####...     2%          2
g - Petrify               Tmut/Erth      ######..     1%          4
h - Lee's Rapid Deconstr  Erth           ######....   1%          5
i - Blink                 Tloc           N/A          2%          2
j - Iron Shot             Conj/Erth      ######....   7%          6

Your spell library contained the following spells:

 Spells                   Type           Power        Failure   Level
 Fireball                 Conj/Fire      #####.....   6%          5
 Apportation              Tloc           #####.       1%          1
 Magic Dart               Conj           ####         1%          1
 Shock                    Conj/Air       ####         1%          1
 Sting                    Tmut/Pois      ####         1%          1
 Passwall                 Tmut/Erth      ######..     1%          2
 Searing Ray              Conj           ######       1%          2
 Call Imp                 Summ           ###.....     8%          2
 Slow                     Hex            ###.....     8%          2
 Conjure Flame            Conj/Fire      #####...     1%          3
 Olgreb's Toxic Radiance  Pois           #####...     1%          4
 Bolt of Magma            Conj/Fire/Erth ######....   2%          5
 Iskenderun's Battlesphe  Conj           ######..     3%          5
 Gell's Gravitas          Tloc           #####.....   4%          3
 Lesser Beckoning         Tloc           #####.....   4%          3
 Yara's Violent Unravell  Hex/Tmut       ####......   13%         5
 Confusing Touch          Hex            ###.....     16%         3
 Tukima's Dance           Hex            ###.....     16%         3
 Alistair's Intoxication  Tmut/Pois      #####....    19%         5
 Orb of Destruction       Conj           ######....   65%         7
 Metabolic Englaciation   Hex/Ice        ###.......   80%         5
 Spellforged Servitor     Conj/Summ      #####.....   95%         7
 Invisibility             Hex            ###.....     100%        6


Dungeon Overview and Level Annotations

Branches:
Dungeon (12/15)            Temple (0/1) D:5            Lair (6/6) D:8
  Swamp (0/4) Lair:2        Snake (0/4) Lair:2        Slime (0/5) Lair:5
    Orc (2/2) D:10            Elf (0/3) Orc:2

Altars:
Ashenzari
Cheibriados
Elyvilon
Gozag
Hepliaklqana
Kikubaaqudgha
Ru
Sif Muna
Vehumet
Xom
The Shining One
Beogh

Shops:
D:7 ?   D:10 *   D:12 *   Orc:2 ([:*

Annotations:
D:3 2 transporters, Creed's ghost, amateur MiFi
D:11 Josephine


Innate Abilities, Weirdness & Mutations

You are very small and have problems with some larger weapons.
You are too small for most types of armour.
You have supernaturally acute eyesight. (SInv)
You cover ground extremely quickly.


Message History

The blink frog looks frightened!
The cane toad looks frightened!
The blink frog blinks!
A blink frog comes into view.
The blink frog blinks! x2
The boulder beetle completely misses you.
The blink frog moves out of view.
A bullfrog comes into view.
Unknown command.
Unknown command.
The blink frog blinks!
The elephant tramples the plant!
The plant begins to die.
The elephant trunk-slaps the plant.
The blink frog blinks! x2
The blink frog blinks!
The boulder beetle curls into a ball and begins rolling!
The blink frog blinks! x2; The elephant tramples the plant.
The elephant trunk-slaps the plant.
The blink frog blinks!
The blink frog blinks! x2; The boulder beetle hits you!!!
Ouch! That really hurt!
You die...

##.....##
#.F.....#
##.§.....##
#...§..§..#..
####....○○......
##......○..F.....
#.....§○..F..§...
###...B....§...##
##.○@F.÷F...###
##....†...^§.PY
#..........≈.≈F≈
#.............≈≈≈
###..........≈≈≈≈
...........≈≈
##.........≈≈
#........≈≈
#P......≈.


You could see a boulder beetle, 2 cane toads, 2 blink frogs and a bullfrog.

Vanquished Creatures
  An orc warlord (Orc:2)
  2 hydras (Lair:4)
  3 two-headed ogres
  10 death yaks
  2 orc high priests
  Urug (Orc:2)
  4 orc knights (Orc:2)
  A deep elf mage (D:11)
  6 orc sorcerers
  A manticore (D:11)
  Joseph (Lair:1)
  2 black mambas
  Maggie (D:6)
  2 cane toads
  A kobold demonologist (D:12)
  8 komodo dragons
  11 rime drakes
  3 trolls
  3 polar bears
  8 blink frogs
  Sigmund (D:2)
  3 wraiths (D:11)
  6 wyverns
  40 yaks
  6 basilisks
  12 steam dragons (Lair:3)
  2 chaos spawn (D:11)
  4 vampire mosquitoes
  5 wargs
  4 swamp worms (Lair:2)
  4 nagas (Lair:2)
  12 water moccasins
  5 ice beasts
  3 sky beasts
  A black bear (D:9)
  A hornet zombie (D:9)
  24 orc warriors
  A phantom (D:5)
  11 ogres
  A wolf (Lair:5)
  8 centaurs
  2 big kobolds
  14 bullfrogs
  A wyvern zombie (D:8)
  7 scorpions
  A water moccasin skeleton (D:8)
  3 killer bees (D:2)
  13 wights
  5 howler monkeys
  4 electric eels
  2 centaur zombies
  A lava snake (Lair:3)
  14 orc priests
  4 hounds
  5 jellies
  A bullfrog skeleton (D:8)
  4 iguanas
  Ijyb (D:3)
  8 worker ants
  27 orc wizards
  A hound zombie (D:6)
  A hound skeleton (D:9)
  2 worker ant zombies (D:5)
  7 gnolls
  10 adders
  3 shadow imps
  A white imp (D:7)
  A worker ant simulacrum (D:9)
  2 ufetubi
  An ooze (Lair:5)
  4 adder zombies
  An adder skeleton (D:9)
  3 worms
  A dart slug (D:2)
  5 leopard geckos
  77 orcs
  5 giant cockroaches
  9 goblins
  8 hobgoblins
  5 jackals
  7 quokkas
  3 ball pythons
  5 bats
  3 frilled lizards
  A jackal skeleton (D:4)
  17 kobolds
  A quokka skeleton (D:6)
  6 rats
  A fire vortex (Lair:3)
533 creatures vanquished.

Vanquished Creatures (others)
  3 wolves (Lair:5)
  3 butterflies (Lair:5)
  24 fungi
  82 plants
112 creatures vanquished.

Grand Total: 645 creatures vanquished

Notes
Turn   | Place    | Note
-------+----------+-------------------------------------------
     0 | D:1      | jasper the Spriggan Venom Mage began the quest for the Orb.
     0 | D:1      | Reached XP level 1. HP: 9/9 MP: 5/5
   312 | D:1      | Reached XP level 2. HP: 11/13 MP: 3/6
   602 | D:1      | Reached skill level 3 in Spellcasting
   759 | D:1      | Learned a level 2 spell: Poisonous Vapours
   772 | D:2      | Noticed Sigmund
   791 | D:2      | Killed Sigmund
   791 | D:2      | Reached XP level 3. HP: 16/16 MP: 2/9
   791 | D:2      | Reached XP level 4. HP: 21/21 MP: 2/10
   791 | D:2      | Reached XP level 5. HP: 24/24 MP: 2/11
   796 | D:2      | Learned a level 3 spell: Ignite Poison
   800 | D:2      | Learned a level 3 spell: Mephitic Cloud
   967 | D:2      | Found a radiant altar of Vehumet.
   975 | D:2      | Became a worshipper of Vehumet
   989 | D:2      | Reached skill level 4 in Spellcasting
  1013 | D:2      | Reached XP level 6. HP: 24/28 MP: 0/13
  1590 | D:2      | Found an ancient bone altar of Kikubaaqudgha.
  1594 | D:2      | Found a sacrificial altar of Ru.
  1981 | D:3      | Found a faded altar of an unknown god.
  2057 | D:3      | Reached skill level 1 in Air Magic
  2181 | D:3      | Noticed Ijyb
  2341 | D:3      | Found a glowing golden altar of the Shining One.
  2469 | D:3      | Reached * piety under Vehumet
  2469 | D:3      | Offered knowledge of Sandblast by Vehumet.
  2469 | D:3      | Reached skill level 1 in Fire Magic
  2495 | D:3      | Reached skill level 1 in Conjurations
  2571 | D:3      | Killed Ijyb
  2767 | D:3      | Found a shimmering blue altar of Sif Muna.
  2937 | D:3      | Found a transporter.
  2959 | D:3      | Found a transporter.
  2963 | D:3      | Noticed Creed's ghost (amateur MiFi)
  3237 | D:4      | Learned a level 1 spell: Sandblast
  3300 | D:4      | Reached XP level 7. HP: 32/32 MP: 10/15
  3386 | D:4      | Reached skill level 1 in Earth Magic
  3615 | D:4      | Reached skill level 5 in Spellcasting
  3678 | D:4      | Found a broken altar of Ashenzari.
  3724 | D:4      | Found an opulent altar of Gozag.
  3724 | D:4      | Found a shimmering altar of Xom.
  3726 | D:4      | Found a broken altar of Ashenzari.
  3726 | D:4      | Found a hazy altar of Hepliaklqana.
  3726 | D:4      | Found a stormy altar of Qazlal.
  4264 | D:5      | Entered Level 5 of the Dungeon
  4610 | D:5      | Found a snail-covered altar of Cheibriados.
  4614 | D:5      | Reached XP level 8. HP: 36/36 MP: 7/16
  4753 | D:5      | Found a staircase to the Ecumenical Temple.
  5109 | D:5      | Found a white marble altar of Elyvilon.
  5292 | D:6      | Reached skill level 5 in Transmutations
  5540 | D:6      | Reached ** piety under Vehumet
  5651 | D:6      | Offered knowledge of Searing Ray by Vehumet.
  5656 | D:6      | Learned a level 2 spell: Searing Ray
  5707 | D:6      | Reached skill level 5 in Poison Magic
  6149 | D:6      | Noticed Maggie
  6184 | D:6      | Killed Maggie
  6184 | D:6      | Reached skill level 6 in Spellcasting
  6562 | D:6      | Offered knowledge of Static Discharge by Vehumet.
  6726 | D:7      | Found a shimmering altar of Xom.
  6731 | D:7      | Reached XP level 9. HP: 39/39 MP: 11/19
  6952 | D:7      | Reached skill level 5 in Earth Magic
  7094 | D:7      | Found Wuklor's Magic Scroll Boutique.
  7096 | D:7      | Reached *** piety under Vehumet
  7101 | D:7      | Bought a scroll of identify for 30 gold pieces
  7101 | D:7      | Bought a scroll of fear for 52 gold pieces
  7101 | D:7      | Bought a scroll of teleportation for 45 gold pieces
  7101 | D:7      | Bought a scroll of immolation for 52 gold pieces
  7101 | D:7      | Bought a scroll of remove curse for 45 gold pieces
  7283 | D:7      | Reached skill level 7 in Spellcasting
  7778 | D:7      | Reached skill level 1 in Fighting
  8575 | D:8      | Reached skill level 5 in Dodging
  8575 | D:8      | Reached XP level 10. HP: 30/46 MP: 19/22
  8659 | D:8      | Offered knowledge of Frozen Ramparts by Vehumet.
  8749 | D:8      | Learned a level 4 spell: Petrify
  8856 | D:8      | Reached skill level 8 in Spellcasting
  9086 | D:8      | Found a staircase to the Lair.
  9204 | D:8      | Got a faintly glowing cloak
  9210 | D:8      | Noticed a two-headed ogre
  9242 | D:8      | Killed a two-headed ogre
 10062 | D:8      | Identified the +3 cloak of Uri Ypips {rElec Str+3 Dex-4}
                  | (You found it on level 8 of the Dungeon)
 10340 | D:9      | Reached skill level 1 in Shields
 10422 | D:9      | Noticed a two-headed ogre
 10532 | D:9      | Killed a two-headed ogre
 10581 | D:9      | Reached **** piety under Vehumet
 10955 | D:9      | Offered knowledge of Lightning Bolt by Vehumet.
 11505 | D:9      | Reached XP level 11. HP: 52/52 MP: 16/24
 11787 | D:9      | Noticed a two-headed ogre
 11791 | D:9      | Killed a two-headed ogre
 11791 | D:9      | Reached skill level 5 in Shields
 12210 | D:10     | Entered Level 10 of the Dungeon
 12270 | D:10     | Found Olauss's General Store.
 12278 | D:10     | Bought a potion of cancellation for 88 gold pieces
 12408 | D:10     | Reached ***** piety under Vehumet
 12423 | D:10     | Offered knowledge of Airstrike by Vehumet.
 13300 | D:10     | Found a staircase to the Orcish Mines.
 13377 | Orc:1    | Entered Level 1 of the Orcish Mines
 13394 | Orc:1    | Noticed an orc sorcerer
 13491 | D:10     | Killed an orc sorcerer
 13853 | Orc:2    | Entered Level 2 of the Orcish Mines
 13860 | Orc:2    | Noticed an orc knight
 13865 | Orc:2    | Killed an orc knight
 14371 | Orc:1    | Noticed an orc high priest
 14468 | Orc:1    | Noticed an orc sorcerer
 14469 | Orc:1    | Killed an orc high priest
 14479 | Orc:1    | Killed an orc sorcerer
 14661 | Orc:2    | Found a staircase to the Elven Halls.
 14910 | Orc:2    | Noticed an orc sorcerer
 14926 | Orc:2    | Killed an orc sorcerer
 15119 | Orc:2    | Reached skill level 9 in Spellcasting
 15265 | Orc:2    | Noticed an orc sorcerer
 15289 | Orc:2    | Killed an orc sorcerer
 15474 | Orc:2    | Noticed an orc sorcerer
 15478 | Orc:2    | Killed an orc sorcerer
 15612 | Orc:2    | Noticed an orc knight
 15615 | Orc:2    | Noticed an orc warlord
 15616 | Orc:2    | Noticed an orc knight
 16032 | Orc:1    | Noticed an orc knight
 16094 | Orc:2    | Killed an orc knight
 16094 | Orc:2    | Reached XP level 12. HP: 58/58 MP: 10/26
 16883 | Orc:1    | Reached skill level 10 in Stealth
 17173 | Orc:2    | Noticed an orc high priest
 17178 | Orc:2    | Killed an orc high priest
 17573 | Orc:2    | Noticed Urug
 17594 | Orc:2    | Killed Urug
 17757 | Orc:2    | Found a roughly hewn altar of Beogh.
 18016 | Orc:2    | Killed an orc warlord
 18273 | Orc:2    | Found Wisipn's Book Shoppe.
 18277 | Orc:2    | Found Tablesio's General Store.
 18314 | Orc:2    | Bought the Papyrus of Earthen Flight for 791 gold pieces
 18324 | Orc:2    | Learned a level 9 spell: Shatter
 18327 | Orc:2    | Learned a level 2 spell: Swiftness
 18333 | Orc:2    | Learned a level 5 spell: Lee's Rapid Deconstruction
 18388 | Orc:2    | Found Vixafo's Antique Weapon Shoppe.
 18403 | Orc:2    | Found Isicigu's Antique Armour Shoppe.
 18564 | Lair:1   | Entered Level 1 of the Lair of Beasts
 18874 | D:11     | Offered knowledge of Starburst by Vehumet.
 18949 | D:11     | Found a shimmering altar of Xom.
 18950 | D:11     | Found the +7 mace of Variability {chain chaos}
 19243 | D:11     | Reached skill level 10 in Spellcasting
 19320 | D:11     | Learned a level 2 spell: Blink
 19554 | D:11     | Reached skill level 1 in Translocations
 19555 | D:11     | Noticed Josephine
 20258 | D:12     | Found Hoid Peo's General Store.
 20545 | Lair:1   | Reached skill level 5 in Fighting
 20547 | Lair:1   | Reached skill level 10 in Earth Magic
 21266 | Lair:1   | Noticed Joseph
 21275 | Lair:1   | Paralysed by Joseph for 7 turns
 21301 | Lair:1   | Killed Joseph
 22119 | Lair:2   | Reached XP level 13. HP: 63/63 MP: 6/28
 22578 | Lair:2   | Found a staircase to the Snake Pit.
 23103 | Lair:2   | Found a staircase to the Swamp.
 23542 | Lair:2   | Reached skill level 10 in Dodging
 24210 | Lair:3   | Identified a scroll of acquirement
 24230 | Lair:3   | Acquired an uncursed staff of earth
 24322 | Lair:3   | Offered knowledge of Irradiate by Vehumet.
 25459 | Lair:3   | Reached skill level 11 in Spellcasting
 26593 | Lair:3   | Reached skill level 12 in Spellcasting
 27527 | Lair:4   | Reached skill level 13 in Spellcasting
 27559 | Lair:4   | Acquired 773 gold pieces
 27568 | Lair:4   | Learned a level 6 spell: Iron Shot
 28406 | Lair:4   | Reached XP level 14. HP: 45/69 MP: 3/32
 28841 | Lair:5   | Reached skill level 5 in Conjurations
 29397 | Lair:5   | Found a staircase to the Slime Pits.
 29862 | Lair:6   | Entered Level 6 of the Lair of Beasts
 29900 | Lair:5   | Offered knowledge of Fireball by Vehumet.
 30229 | Lair:6   | Demolished by a boulder beetle

Illustrated notes

Levels and vault maps discovered:
D:1:      lemuel_arrival_rhombus, layout_rooms
D:2:      layout_loops_ring, vehumet_crystals, grunt_temple_overflow_open,
          uniq_sigmund
D:3:      layout_basic, old_standard_altar,
          chequers_ecumenical_altar_simple_redux, gammafunk_ghost_stat_death,
          led_sif_book, uniq_ijyb
D:4:      layout_basic, doesnt_xom_only_xom
D:5:      layout_basic, old_standard_altar, old_standard_altar,
          minmay_temple_entry_gardened_gates
D:6:      corexii_shack_village, layout_loops_ring, uniq_maggie
D:7:      layout_rooms, overflow_temple_1_default, serial_shops,
          nicolae_shop_statue_plus
D:8:      layout_gridville, minmay_lair_entry_grove
D:9:      minmay_octagon_keep, layout_basic, nicolae_overflow_hidden_temple,
          hangedman_weighted_door
D:10:     layout_basic, serial_shops, shop
D:11:     layout_loops_ring, minmay_guarded_unrand_variability, uniq_josephine
D:12:     layout_basic, serial_shops, kennysheep_mini, hangedman_fish_farm
Lair:1:   layout_cave_pods, serial_bayou_shore_b, uniq_joseph
Lair:2:   layout_long_grid, nicolae_swamp_entry_splash_gauntlet,
          minmay_snake_entry_guardpost_small
Lair:3:   layout_gridlike, nicolae_quartered_pool_little,
          nicolae_lair_grove_arrangements, bobbens_dragon_lair_wall,
          serial_bayou_shore_a, serial_bayou_shore_b
Lair:4:   layout_misc_corridors, serial_bayou_pond_e, grunt_megastairs_4,
          infiniplex_staircase_pool, lemuel_fruit_fields
Lair:5:   layout_cave_pods, nicolae_slime_entry_slimehenge,
          columned_hall_lemuel, lemuel_fruit_fields, lemuel_fruit_fields
Lair:6:   minmay_lair_end_frog_pond, layout_cave_pods, special_room
          [special_room_mythical_zoo]
Orc:1:    layout_diamond_mine
Orc:2:    grunt_orc_cross, layout_diamond_mine

Skill      XL: |  1  2  3  4  5  6  7  8  9 10 11 12 13 14 |
---------------+-------------------------------------------+-----
Spellcasting   | 3 4 5 6 7 8 9 10 13 | 13.1
Stealth        | 6 7 8 9 11 12 | 12.4
Transmutations | 3 4 5 |  5.0
Poison Magic   | 4 5 |  5.0
Air Magic      | 1 2 3 |  3.0
Fire Magic     | 1 2 3 |  3.0
Conjurations   | 1 2 3 4 5 |  5.9
Earth Magic    | 2 4 6 7 8 10 | 10.9
Fighting       | 2 3 5 |  5.8
Dodging        | 5 6 7 9 10 | 10.6
Shields        | 4 7 |  7.2
Translocations | 3 |  3.0

Action                   |  1- 3 |  4- 6 |  7- 9 | 10-12 | 13-15 || total
-------------------------+-------+-------+-------+-------+-------++-------
Melee: Unarmed           |     3 |       |       |       |       ||     3
 Fire: Hunting sling     |     9 |    59 |   106 |   182 |    70 ||   426
Throw: Boomerang         |    10 |       |       |       |       ||    10
       Stone             |     1 |       |       |       |       ||     1
 Cast: Sting             |    15 |     2 |     3 |     3 |       ||    23
       Poisonous Vapours |     3 |    52 |   144 |   359 |   198 ||   756
       Mephitic Cloud    |       |     2 |     5 |    47 |     9 ||    63
       Ignite Poison     |       |     1 |     4 |    83 |    63 ||   151
       Sandblast         |       |       |    60 |    40 |    28 ||   128
       Searing Ray       |       |       |     3 |    27 |       ||    30
       Petrify           |       |       |       |    25 |    25 ||    50
       Lee's Rapid Decon |       |       |       |    47 |    69 ||   116
Evoke: Wand              |       |       |     7 |    10 |     6 ||    23
  Use: Potion            |       |     1 |       |     3 |     1 ||     5
       Scroll            |       |       |    10 |     6 |    10 ||    26
Armor: Robe              |       |     2 |     1 |     9 |     7 ||    19
       Steam dragon scal |       |       |     7 |    10 |       ||    17
Dodge: Dodged            |     5 |    20 |    68 |   118 |   113 ||   324
Block: Buckler           |       |       |       |    49 |    40 ||    89

Table legend: (Time is in decaauts)
 A = Elapsed time spent in this place.
 B = Non-inter-level travel time spent in this place.
 C = Inter-level travel time spent in this place.
 D = Time resting spent in this place.
 E = Time spent auto-exploring this place.
 F = Levels seen in this place.
 G = Mean time per level.
                   A        B        C        D        E       F      G
               +--------+--------+--------+--------+--------+-----+--------+
         Total |  25318 |  24769 |    549 |   7686 |  13158 |  20 | 1265.9 |
       Dungeon |  12606 |  12225 |    381 |   2210 |   8061 |  12 | 1050.5 |
          Lair |   8327 |   8211 |    116 |   3360 |   3706 |   6 | 1387.8 |
  Orcish Mines |   4383 |   4332 |     51 |   2116 |   1390 |   2 | 2191.5 |
               +--------+--------+--------+--------+--------+-----+--------+

Top non-repeatable levels by time:
   Orc:2: 3257 daAuts
  Lair:2: 2344 daAuts
  Lair:3: 2250 daAuts
     D:9: 1705 daAuts
     D:8: 1676 daAuts
  Lair:1: 1511 daAuts
     D:6: 1349 daAuts
    D:10: 1348 daAuts
     D:7: 1253 daAuts
     D:3: 1129 daAuts
   Orc:1: 1126 daAuts
  Lair:4: 1074 daAuts
  Lair:5: 1065 daAuts
    D:11: 918 daAuts
     D:4: 840 daAuts
